 Dungeon Crawl Stone Soup version 0.32-a0-450-g080537f31e (webtiles) character file.

Game seed: 14901000452672978603

613 jasper the Trooper (level 7, -7/79 HPs)
             Began as an Oni Gladiator on Feb 23, 2024.
             Was an Initiate of Beogh.
             Killed from afar by an orc wizard (9 damage)
             ... with a puff of flame
             ... on level 6 of the Dungeon.
             The game lasted 00:07:25 (3242 turns).

jasper the Trooper (Oni Gladiator)                  Turns: 3242, Time: 00:07:25

Health: -7/79      AC:  6    Str: 19      XL:     7   Next: 44%
Magic:  7/7        EV: 10    Int:  8 (11) God:    Beogh [......]
Gold:   177        SH:  0    Dex: 10      Spells: 6/6 levels left

rFire   . . .        a - +0 flail
rCold   . . .        (no shield)
rNeg    . . .        b - +0 robe
rPois   .            c - +0 hat
rElec   .            m - +2 cloak
rCorr   .            (gloves unavailable)
SInv    .            (boots unavailable)
Will    .....        (no amulet)
Stlth   +            (no ring)
HPRegen 0.33/turn    (no ring)
MPRegen 0.10/turn

%: no passive effects
@: no status effects
A: large, unfitting armour, horns 1, tough skin 1, double potion healing,
drunken brawling
a: Renounce Religion


You were on level 6 of the Dungeon.
You worshipped Beogh.
Beogh was noncommittal.
You visited 1 branch of the dungeon, and saw 6 of its levels.

You collected 177 gold pieces.

Inventory:

Hand Weapons
 a - a +0 flail (weapon)
Missiles
 d - 2 boomerangs (quivered)
 e - 2 poisoned darts
 f - 3 curare-tipped darts
 i - a large rock
 j - 6 atropa-tipped darts
 r - a silver javelin
Armour
 b - a +0 robe (worn)
 c - a +0 hat (worn)
 m - a +2 cloak (worn)
 n - the +0 robe of Least Resistance {rPois Dex+5 Stlth- Archmagi}
   (You found it on level 2 of the Dungeon)

   Dex+5:     It affects your dexterity (+5).
   rPois:     It protects you from poison Stlth-: It makes you less stealthy.
   Archmagi:  It increases the power of your magical spells.
Scrolls
 g - a scroll of revelation
 h - 2 scrolls of identify
 k - a scroll of vulnerability
 l - a scroll of enchant armour


   Skills:
 + Level 7.7 Fighting
 + Level 6.2 Maces & Flails
 - Level 2.0 Throwing
 - Level 2.6 Dodging


You had 6 spell levels left.
You didn't know any spells.
Your spell library contained the following spells:

 Spells                   Type           Power      Damage    Failure   Level
 Tukima's Dance           Hex            0%         N/A       78%         3
 Dimensional Bullseye     Hex/Tloc       0%         N/A       99%         4
 Iskenderun's Mystic Bla  Conj/Tloc      0%         2d3       99%         4


Dungeon Overview and Level Annotations

Branches:
Dungeon (5/15)
 Temple: D:4-7

Altars:

Annotations:
D:2 Natasha


Innate Abilities, Weirdness & Mutations

You are too large for most types of armour.
You have a pair of small horns on your head.
You have tough skin. (AC +1)
You gain doubled healing and magic from potions.
Whenever you drink a healing potion, you attack all around you.


Message History

Unknown command.
Unknown command.
Unknown command.
You sock the sleepcap!
You destroy the sleepcap!
Beogh accepts your kill.
You miss something.
You hear some strange, mumbled words.
A magic dart appears from out of thin air!
The magic dart hits you!
* * * LOW HITPOINT WARNING * * *
You hear some strange, mumbled words.
You take 8 damage, and have 4/78 hp.
You aren't carrying any potions.
Okay, then.
Unknown command.
You aren't carrying any items that you can evoke.
Unknown command.
Unknown command.
You sock something! Something hits you.
* * * LOW HITPOINT WARNING * * *
You hear some strange, mumbled words.
You take 1 damage, and have 3/78 hp.
Reactivating autopickup.
You feel a bit more experienced. Something hits you.
* * * LOW HITPOINT WARNING * * *
Deactivating autopickup; reactivate with Ctrl-A.
There is an open door, spattered with blood here.
You see here a +0 mace.
You take 2 damage, and have 1/79 hp.
You miss something. Your headbutt misses something.
Something hits you but does no damage.
You closely miss something. Your headbutt misses something.
Something hits you but does no damage.
You completely miss something.
You hear some strange, mumbled words.
A puff of flame appears from out of thin air!
The puff of flame hits you!
You die...
Beogh appreciates something's killing of a heretic priest.

#.........# ....
#.........# ....
#.........# ..$..
#.........# ....
#.........# #...
#.........#
###...####'#......#
......{#...#......#
.......@)..#......+
......)#...#......#
.##...##...#......#
#### #...#......#
#...#......#
#...+......#
#(..#......# +...#


There were no monsters in sight!

Vanquished Creatures
  Grinder (D:2)
  An orc warrior (D:6)
  A scorpion (D:5)
  An orc priest (D:5)
  A sleepcap (D:6)
  Jessica (D:2)
  An iguana (D:5)
  4 gnolls (D:5)
  3 adders
  A white imp (D:6)
  2 dart slugs (D:2)
  2 ribbon worms
  6 orcs
  4 endoplasms
  4 giant cockroaches
  6 goblins
  6 hobgoblins
  5 jackals
  3 quokkas (D:1)
  4 ball pythons
  8 bats
  5 frilled lizards
  A kobold (D:2)
  3 rats
74 creatures vanquished.

Vanquished Creatures (others)
  An orc wizard (D:6)
1 creature vanquished.

Grand Total: 75 creatures vanquished

Notes
Turn   | Place    | Note
-------+----------+-------------------------------------------
     0 | D:1      | jasper the Oni Gladiator began the quest for the Orb.
     0 | D:1      | Reached XP level 1. HP: 22/22 MP: 1/1
    75 | D:1      | Reached skill level 3 in Fighting
   191 | D:1      | Reached XP level 2. HP: 28/31 MP: 2/2
   804 | D:2      | Identified the +0 robe of Least Resistance {rPois Dex+5
                  | Stlth- Archmagi}
   820 | D:2      | Reached XP level 3. HP: 38/39 MP: 3/3
  1006 | D:2      | Reached skill level 4 in Fighting
  1123 | D:2      | Noticed Jessica
  1124 | D:2      | Killed Jessica
  1125 | D:2      | Reached XP level 4. HP: 49/49 MP: 4/4
  1173 | D:2      | Noticed Natasha
  1937 | D:3      | Noticed Grinder
  1938 | D:3      | Paralysed by Grinder for 4 turns
  1950 | D:3      | Paralysed by Grinder for 5 turns
  2090 | D:3      | Paralysed by Grinder for 4 turns
  2101 | D:2      | Killed Grinder
  2102 | D:2      | Reached skill level 6 in Fighting
  2102 | D:2      | Reached skill level 5 in Maces & Flails
  2102 | D:2      | Reached XP level 5. HP: 16/59 MP: 5/5
  2102 | D:2      | Reached XP level 6. HP: 18/67 MP: 6/6
  2283 | D:3      | Identified the +3 short sword of the End {flame, rN+}
  2462 | D:5      | Entered Level 5 of the Dungeon
  2855 | D:5      | Became a worshipper of Beogh the Shepherd
  3042 | D:5      | Reached skill level 7 in Fighting
  3046 | D:5      | Reached XP level 7. HP: 50/78 MP: 7/7
  3168 | D:5      | You fall into a shaft and drop 1 floor!
  3238 | D:6      | HP: 3/78 [something (2)]
  3239 | D:6      | HP: 1/78 [something (2)]
  3242 | D:6      | Killed from afar by an orc wizard

Illustrated notes

Levels and vault maps discovered:
D:1:      lightli_arrival_quake, layout_loops_cross
D:2:      layout_loops_corners, uniq_jessica, uniq_natasha
D:3:      layout_rooms, mainiacjoe_overflow_catch_the_wave, minmay_circle_x,
          uniq_grinder
D:4:      old_forge, layout_basic, minmay_temple_entry_statues_fountains
D:5:      layout_loops_corners
D:6:      layout_gridville, minmay_overflow_temple_star_hex

Skill      XL: |  1  2  3  4  5  6  7 |
---------------+----------------------+-----
Fighting       | 3 4 6 7 |  7.7
Maces & Flails | 4 5 6 |  6.2
Throwing       | |  2.0
Dodging        | |  2.6

Action                     |  1- 3 |  4- 6 |  7- 9 || total
---------------------------+-------+-------+-------++-------
  Melee: Flail             |    58 |   116 |    32 ||   206
         Headbutt          |     8 |    22 |     5 ||    35
  Throw: Stone             |    11 |     5 |       ||    16
         Boomerang         |    28 |     9 |     6 ||    43
         Large rock        |     1 |     1 |       ||     2
         Throwing net      |       |     3 |       ||     3
         Javelin           |       |     3 |     1 ||     4
         Dart              |       |     1 |     3 ||     4
 Invoke: Convert to Beogh  |       |     1 |       ||     1
    Use: Scroll            |       |     8 |     2 ||    10
         Potion            |       |     2 |       ||     2
 Armour: Robe              |    37 |   109 |    25 ||   171
         Skin              |       |    48 |       ||    48
  Dodge: Dodged            |    36 |    89 |    19 ||   144

Table legend: (Time is in decaauts)
 A = Elapsed time spent in this place.
 B = Non-inter-level travel time spent in this place.
 C = Inter-level travel time spent in this place.
 D = Time resting spent in this place.
 E = Time spent auto-exploring this place.
 F = Levels seen in this place.
 G = Mean time per level.
                   A        B        C        D        E       F      G
               +--------+--------+--------+--------+--------+-----+--------+
         Total |   3293 |   3182 |    111 |    591 |   1806 |   6 |  548.8 |
       Dungeon |   3293 |   3182 |    111 |    591 |   1806 |   6 |  548.8 |
               +--------+--------+--------+--------+--------+-----+--------+

Top non-repeatable levels by time:
     D:2: 1478 daAuts
     D:1: 802 daAuts
     D:5: 712 daAuts
     D:3: 159 daAuts
     D:6: 76 daAuts
     D:4: 63 daAuts
